AoeStats
← PoeBoy

Arabian Desert

509782564Analyzed
1v1 RM · 3d ago on Sep 28, 2026· 21m 37s· 2 players
Game mode
Random Map
Map size
Tiny (2 player)
Population
200
Speed
Normal
Resources
Standard
Victory
Conquest
Starting age
Dark Age
Ending age
Imperial Age
RankedLock teamsTeams togetherTeam positionsShared explorationLock speedFull tech treeHidden civsTurbo modeCheats
Victory
Defeat
🇺🇸 Varangians · United States
1272
+15
🇹🇷 Mongols · Türkiye
1258
-15
omerkizilaslan
6:40 Loom
9:59 Feudal Age
10:37 Double-Bit Axe
PoeBoy
6:03 Loom
8:57 Feudal Age
9:33 Double-Bit Axe
16:26 Bloodlines
21:25 Castle Age
20:45 Forging
Connection lost

Rejoining the realm…

Still unreachable

The connection could not be restored.

Session expired

The server has moved on; the page needs a fresh start.